 Dungeon Crawl Stone Soup version 0.20.0-15-g7f486f2 (webtiles) character file.

81 greprep the Grave Robber (level 4, -2/24 HPs)
             Began as a Deep Elf Necromancer on June 18, 2017.
             Slain by an ogre
             ... wielding a +0 giant spiked club
              (14 damage)
             ... on level 2 of the Dungeon.
             The game lasted 00:03:41 (2792 turns).

greprep the Grave Robber (Deep Elf Necromancer)     Turns: 2792, Time: 00:03:42

Health: -2/24      AC:  2    Str:  5    XL:     4   Next: 20%
Magic:  12/12      EV: 13    Int: 21    God:
Gold:   135        SH:  0    Dex: 15    Spells: 8/12 levels left

rFire    . . .     SeeInvis .   (no weapon)
rCold    . . .     Gourm    .   (no shield)
rNeg     . . .     Faith    .   a - +0 robe
rPois    .         Spirit   .   (no helmet)
rElec    .         Reflect  .   (no cloak)
rCorr    .         Harm     .   (no gloves)
MR       .....                  (no boots)
Stlth    ++........             (no amulet)
Regen    0.1/turn               (no ring)
MPRegen  0.2/turn               (no ring)

@: no status effects
A: no striking features
a: no special abilities


You were on level 2 of the Dungeon.
You were hungry.

You visited 1 branch of the dungeon, and saw 2 of its levels.

You collected 135 gold pieces.

Inventory:

Armour
 a - a +0 robe (worn)
Jewellery
 m - an uncursed ring of protection from cold {unknown}
Scrolls
 d - 6 scrolls of identify {unknown}
 f - a scroll of teleportation {unknown}
 h - a scroll of enchant armour {unknown}
 i - a scroll of blinking {unknown}
 j - 2 scrolls of amnesia {unknown}
Potions
 e - 2 potions of resistance {unknown}
 g - 2 potions of curing {unknown}
 k - 2 potions of haste {unknown}
 l - a potion of degeneration {unknown}
Books
 b - a book of Necromancy

   Spells                             Type                      Level
   a - Pain                           Necromancy                   1
   b - Animate Skeleton               Necromancy                   1
   c - Vampiric Draining              Necromancy                   3
   d - Regeneration                   Charms/Necromancy            3
   e - Animate Dead                   Necromancy                   4
   f - Control Undead                 Necromancy                   4
Comestibles
 c - 4 bread rations


   Skills:
 + Level 2.6 Dodging
 + Level 2.8 Stealth
 + Level 4.5 Spellcasting
 + Level 5.9 Necromancy


You had 8 spell levels left.
You knew the following spells:

 Your Spells              Type           Power        Failure   Level  Hunger
a - Pain                  Necr           ####         1%          1    None
b - Regeneration          Chrm/Necr      ###.......   10%         3    ##.....


Dungeon Overview and Level Annotations

Branches:
Dungeon (2/15)

Altars:
Dithmenos
Elyvilon
Makhleb
Trog


Message History

Your surroundings suddenly seem different.
An ogre comes into view. It is wielding a giant spiked club.
The ogre shouts!
Casting: Pain
Confirm with . or Enter, or press ? or * to list all spells.
Aiming: Pain
Press: ? - help, Shift-Dir - straight line, f - ogre
Aim: an ogre, wielding a giant spiked club (chance to defeat MR: 84%)
The ogre writhes in agony!
Casting: Pain
Confirm with . or Enter, or press ? or * to list all spells.
Aiming: Pain
Press: ? - help, Shift-Dir - straight line, f/p - ogre
Aim: an ogre, wielding a giant spiked club (moderately wounded, chance to defeat MR: 84%)
The ogre writhes in agony!
The ogre hits you with a giant spiked club!
Ouch! That really hurt!
The ogre hits you with a giant spiked club!
Ouch! That really hurt!
You die...

##.#.#.......######.##
...#.#.......# #.#
.[...######### #.#
.....# #.#
.....######### #.#
.....##......# #.#
#...###.####.# #.#
<..........#.######.#
.#.####.##......@O..#
.#.# #.####.########
.#.# #.####.# ...#
#......# ...# ########
...# ...# ...# ...#


You could see an ogre.

Vanquished Creatures
  Natasha (D:2)
  An adder (D:2)
  An ooze (D:1)
  2 worms (D:2)
  2 ball pythons
  5 giant cockroaches
  5 goblins
  4 hobgoblins
  7 bats
  4 kobolds
  5 rats (D:1)
37 creatures vanquished.

Notes
Turn   | Place    | Note
-------+----------+-------------------------------------------
     0 | D:1      | greprep the Deep Elf Necromancer began the quest for the Orb.
     0 | D:1      | Reached XP level 1. HP: 10/10 MP: 6/6
    26 | D:1      | Reached skill level 5 in Necromancy
   512 | D:1      | Reached XP level 2. HP: 14/15 MP: 5/8
  1753 | D:2      | Reached XP level 3. HP: 17/19 MP: 6/10
  1758 | D:2      | Learned a level 3 spell: Regeneration
  2051 | D:2      | Found a white marble altar of Elyvilon.
  2331 | D:2      | Found a bloodstained altar of Trog.
  2332 | D:2      | Found a shadowy altar of Dithmenos.
  2360 | D:2      | Found a burning altar of Makhleb.
  2442 | D:2      | Noticed Natasha
  2445 | D:2      | Killed Natasha
  2445 | D:2      | Reached XP level 4. HP: 17/24 MP: 8/12
  2759 | D:2      | Noticed an ogre
  2792 | D:2      | Slain by an ogre

Skill      XL: |  1  2  3 |
---------------+----------+-----
Necromancy     | 5 |  5.9
Spellcasting   | 4 |  4.5
Dodging        | |  2.6
Stealth        | |  2.8

Action                   |  1- 3 |  4- 6 || total
-------------------------+-------+-------++-------
Melee: Unarmed           |     2 |       ||     2
 Cast: Pain              |    58 |     8 ||    66
       Regeneration      |     1 |       ||     1
  Eat: Chunk             |     4 |     1 ||     5
Armor: Robe              |     3 |       ||     3
Dodge: Dodged            |    10 |       ||    10
